 Dungeon Crawl Stone Soup version 0.29.0-13-gc9e81de378 (webtiles) character file.

Game seed: 1402252315387601294

18 raistware the Conjurer (level 2, 0/17 HPs)
             Began as an Octopode Conjurer on Sept 9, 2022.
             Slain by a scorpion (4 damage)
             ... on level 2 of the Dungeon.
             The game lasted 00:01:23 (1041 turns).

raistware the Conjurer (Octopode Conjurer)          Turns: 1041, Time: 00:01:24

Health: 0/17       AC:  1    Str:  6    XL:     2   Next: 70%
Magic:  3/6        EV: 13    Int: 20    God:
Gold:   48         SH:  0    Dex: 10    Spells: 6/7 levels left

rFire   . . .      SeeInvis .   (no weapon)
rCold   . . .      Faith    .   (no shield)
rNeg    . . .      Spirit   .   (helmet restricted)
rPois   .          Reflect  .   (no amulet)
rElec   .          Harm     .   b - ring of wizardry
rCorr   .          Rampage  .   (no ring)
Will    .....                   (no ring)
Stlth   +++.......              (no ring)
HPRegen 0.05/turn               (no ring)
MPRegen 0.10/turn               (no ring)
                                (no ring)
                                (no ring)

@: lethally poisoned (0 -> -11)
A: almost no armour, amphibious, 8 rings, camouflage 1, gelatinous body 1,
(nimble swimmer 1), tentacles
a: no special abilities


You were on level 2 of the Dungeon.
You visited 1 branch of the dungeon, and saw 2 of its levels.

You collected 48 gold pieces.

Inventory:

Jewellery
 b - a ring of wizardry (left tentacle)
Scrolls
 f - a scroll of noise {unknown}
 g - 3 scrolls of fear {unknown}
Potions
 a - a potion of magic
 d - a potion of curing {unknown}
 e - a potion of resistance {unknown}


   Skills:
 - Level 2.0 Dodging
 - Level 2.6 Stealth
 + Level 3.0 Spellcasting
 - Level 4.0 Conjurations


You had 6 spell levels left.
You knew the following spells:

 Your Spells              Type           Power      Damage    Failure   Level
a - Magic Dart            Conj           76%        1d6       1%          1

Your spell library contained the following spells:

 Spells                   Type           Power      Damage    Failure   Level
 Searing Ray              Conj           38%        2d5       1%          2
 Beastly Appendage        Tmut           6%         N/A       6%          1
 Dazzling Flash           Conj/Hex       22%        N/A       8%          3
 Wereblood                Tmut           3%         N/A       9%          2
 Spider Form              Tmut/Pois      3%         N/A       16%         3
 Fulminant Prism          Conj/Hex       5%         3d7       24%         4
 Iskenderun's Mystic Bla  Conj/Tloc      11%        2d4       24%         4


Dungeon Overview and Level Annotations

Branches:
Dungeon (2/15)

Altars:


Innate Abilities, Weirdness & Mutations

You cannot wear most types of armour.
You are amphibious.
You can wear up to eight rings at the same time.
Your skin changes colour to match your surroundings (Stealth+).
Your rubbery body absorbs attacks. (AC +1, EV +1)
((You are camouflaged when in or above water. (Stealth+)))
You have tentacles for arms and can constrict up to eight enemies at once.


Message History

There is a stone staircase leading up here.
A quokka comes into view.
The magic dart hits the quokka.
The quokka is moderately wounded.
The magic dart hits the quokka.
The quokka is almost dead.
The magic dart hits the quokka.
You kill the quokka!
Your Spellcasting skill increases to level 3!
You can't see any susceptible monsters within range! (Use Z to cast anyway.) Magic restored.
A hobgoblin comes into view.
The magic dart hits the hobgoblin.
The hobgoblin is severely wounded.
The hobgoblin shouts!
You hear an angry hiss.
An adder comes into view.
The magic dart hits the hobgoblin but does no damage.
The hobgoblin is severely wounded.
A scorpion comes into view.
The magic dart hits the hobgoblin.
You kill the hobgoblin!
The magic dart hits the scorpion.
The scorpion is lightly wounded.
Unknown command.
There's nothing to open nearby.
Unknown command.
A dart slug comes into view.
The scorpion barely misses you. The scorpion attacks as you move away!
The scorpion misses you.
As you read the scroll labelled VEUMOE RAPIA, it crumbles to dust.
The scroll dissolves into smoke.
It was a scroll of fog.
The scorpion stings you.
You are lethally poisoned!
The scorpion poisons you!
Okay, then.
You feel very sick. The scorpion stings you.
* * * LOW HITPOINT WARNING * * *
The scorpion attacks as you move away! The scorpion stings you.
You die...

#. #####.####.####
#.. ...........S...
##..# ###.#.########
...... ..#..........+
....#.##.#.#.###.#.##
.......§§#§§.....#
###...#§§#S#.###.#
........§s§§..>..#
##.#..§@#§#...#.#
#..§.§§#.#.#
#.##.#####.# #.#...
.# # #.... . ##.### #
... ###


You could see a scorpion and an adder.

Vanquished Creatures
  A dart slug (D:1)
  2 bats (D:1)
  A giant cockroach (D:1)
  2 goblins (D:1)
  2 hobgoblins
  3 quokkas
  A frilled lizard (D:1)
  2 kobolds (D:1)
14 creatures vanquished.

Notes
Turn   | Place    | Note
-------+----------+-------------------------------------------
     0 | D:1      | raistware the Octopode Conjurer began the quest for the
                  | Orb.
     0 | D:1      | Reached XP level 1. HP: 11/11 MP: 3/3
   425 | D:1      | Reached XP level 2. HP: 17/17 MP: 3/5
  1031 | D:2      | Noticed a scorpion
  1041 | D:2      | Slain by a scorpion

Illustrated notes

Levels and vault maps discovered:
D:1:      dpeg_arrival_shrine, layout_loops_ring,
          chequers_serial_rivers_small_b, st_stairs_7
D:2:      layout_basic, nicolae_ecumenical_oubliette, minmay_misc_feat_tiny

Skill      XL: |  1  2 |
---------------+-------+-----
Spellcasting   | 3 |  3.0
Dodging        | |  2.0
Stealth        | |  2.6
Conjurations   | |  4.0

Action                   || total
-------------------------++-------
Melee: Unarmed           ||     4
       Constrict         ||     1
 Cast: Magic Dart        ||    29
  Use: Scroll            ||     1
Dodge: Dodged            ||     6
